 Dungeon Crawl Stone Soup version 0.27.1-33-g824d729ab1 (webtiles) character file.

Game seed: 5788154784121225046

1420 pkoi the Martial Artist (level 8, -12/63 HPs)
             Began as a White Draconian Monk on Dec 16, 2021.
             Was an Initiate of Gozag.
             Killed from afar by a deep elf zephyrmancer (28 damage)
             ... with a bolt of lightning
             ... on level 6 of the Dungeon.
             The game lasted 00:09:43 (7865 turns).

pkoi the Martial Artist (White Draconian Monk)      Turns: 7865, Time: 00:09:44

Health: -12/63     AC:  9    Str: 13    XL:     8   Next: 43%
Magic:  8/8        EV: 13    Int: 13    God:    Gozag
Gold:   928        SH:  5    Dex: 20    Spells: 6/7 levels left

rFire    . . .     SeeInvis .     - Unarmed
rCold    + . .     Faith    .   (no shield)
rNeg     . . .     Spirit   .   (armour unavailable)
rPois    +         Reflect  +   (helmet restricted)
rElec    .         Harm     .   (no cloak)
rCorr    .         Rampage  .   u - +2 pair of gloves of Evolution {+Blink rPois}
Will     +....                  (no boots)
Stlth    ++........             b - amulet of reflection
HPRegen  0.20/turn              c - ring of willpower
MPRegen  0.11/turn              y - +6 ring of dexterity

@: short of breath
A: breathe frost, AC +6, unfitting armour, cold resistance 1, cold-blooded
a: Breathe Frost, Renounce Religion, Evoke Blink, Potion Petition, Call
Merchant, Bribe Branch


You were on level 6 of the Dungeon.
You worshipped Gozag.
Gozag was pleased with you.
You visited 2 branches of the dungeon, and saw 7 of its levels.
You also visited: Ossuary.

You collected 1337 gold pieces.
You spent 409 gold pieces at shops.

Inventory:

Missiles
 d - 71 poisoned darts (quivered)
 f - 2 throwing nets
Armour
 u - the +2 pair of gloves of Evolution (worn) {+Blink rPois}
   (You bought it in a shop on level 5 of the Dungeon)

   rPois:     It protects you from poison.
   +Blink:    It lets you blink.
Jewellery
 b - an amulet of reflection (around neck)
 c - a ring of willpower (left hand)
 r - a ring of protection from cold
 y - a +6 ring of dexterity (right hand)
Wands
 m - a wand of flame (8)
 v - a wand of mindburst (2)
 x - a wand of digging (4)
Scrolls
 a - a scroll of identify
 i - 4 scrolls of teleportation
 j - a scroll of magic mapping
 k - a scroll of enchant armour
 n - 3 scrolls of fog
 o - 2 scrolls of blinking
 w - a scroll of enchant weapon
 z - a scroll of torment {unknown}
Potions
 e - 2 potions of might
 g - 3 potions of curing
 h - a potion of cancellation
 l - a potion of mutation
 p - a potion of haste
 q - a potion of invisibility
 s - a potion of magic
 t - a potion of ambrosia


   Skills:
 - Level 3.2 Fighting
 - Level 2.6 Dodging
 - Level 1.7 Stealth
 + Level 10.8 Unarmed Combat


You had 6 spell levels left.
You knew the following spells:

 Your Spells              Type           Power      Damage    Failure   Level
a - Apportation           Tloc           0%         N/A       30%         1

Your spell library contained the following spells:

 Spells                   Type           Power      Damage    Failure   Level
 Animate Skeleton         Necr           0%         N/A       30%         1
 Corona                   Hex            0%         N/A       30%         1
 Summon Small Mammal      Summ           0%         N/A       30%         1
 Chain Lightning          Conj/Air       0%         N/A       100%        9
 Fire Storm               Conj/Fire      0%         5d1       100%        9


Dungeon Overview and Level Annotations

Branches:
Dungeon (6/15)             Temple (1/1) D:6         Ossuary (visited)

Altars:
Ashenzari
Dithmenos
Elyvilon
Fedhas
Gozag
Hepliaklqana
Kikubaaqudgha
Makhleb
Qazlal
Ru
Sif Muna
Uskayaw
Vehumet
Wu Jian
Xom
Yredelemnul
Zin
The Shining One

Shops:
D:4 ?   D:5 *


Innate Abilities, Weirdness & Mutations

You can breathe waves of freezing cold which knock back foes.
Your icy white scales are hard. (AC +6)
You cannot fit into any form of body armour.
Your flesh is cold resistant. (rC+)
You are cold-blooded and may be slowed by cold attacks.


Message History

You open the door.
There is an open door here.
You open the gate.
A deep elf zephyrmancer comes into view.
It is wielding a +0 rapier.
A deep elf zephyrmancer is nearby!
There is an open gate here.
The helpless deep elf zephyrmancer fails to defend itself.
You hit the deep elf zephyrmancer.
The deep elf zephyrmancer is lightly wounded.
The deep elf zephyrmancer closely misses you.
You hit the deep elf zephyrmancer but do no damage.
The deep elf zephyrmancer is lightly wounded.
The deep elf zephyrmancer points at you and mumbles some strange words.
The bolt of lightning hits you!!
Ouch! That really hurt!
* * * LOW HITPOINT WARNING * * *
You closely miss the deep elf zephyrmancer.
You tail-slap the deep elf zephyrmancer.
The deep elf zephyrmancer is lightly wounded.
The deep elf zephyrmancer hits you but does no damage.
You miss the deep elf zephyrmancer.
The deep elf zephyrmancer is lightly wounded.
The deep elf zephyrmancer casts a spell at you.
The bolt of lightning hits you!
* * * LOW HITPOINT WARNING * * *
You hit the deep elf zephyrmancer.
You tail-slap the deep elf zephyrmancer.
You punch the deep elf zephyrmancer.
The deep elf zephyrmancer is moderately wounded.
Press: ? - help, Shift-Dir - straight line, f - deep elf zephyrmancer
Aim: a deep elf zephyrmancer, wielding a +0 rapier and wearing a +0 ring mail (moderately wounded)
You exhale a wave of freezing cold.
The freezing breath hits the deep elf zephyrmancer!
The deep elf zephyrmancer is severely wounded.
The deep elf zephyrmancer is blown backwards by the freezing wind.
The deep elf zephyrmancer slams into the rock wall!
The deep elf zephyrmancer points at you and mumbles some strange words.
The bolt of lightning hits you!!
You die...
Your body crumbles into a pile of gold.

...#.##.#.#.#...........##.####.#
.....##.#.#.#.#.........##......#
.....##.#...#.#.........##.......
.....#...####...................#
.....#...###..###########........
.....#........#..................
#....#..#####.#............##'#..
#.#.....# #.#'''######8..##.#..
#......######.#P@P+........##.#..
#######.......#e..+.......###.#..
###.# #.####..#⌠..+.......# #.#.#
....# #.# ##.#+++######8.# #...#
###.# #.# #.# ........# ##..#
###.# #.# #.# ........## #...
....# #.# ##.###########..# ##..
....# #.# #...............####>.
....# #.# #.....(...............


You could see a deep elf zephyrmancer.

Vanquished Creatures
  A water moccasin (D:6)
  An ogre (D:4)
  A centaur (D:5)
  A phantom (D:6)
  2 kobold brigands
  2 scorpions (D:5)
  A wyvern skeleton (D:5)
  2 jellies
  2 hounds (D:5)
  A gnoll shaman (D:5)
  An iguana (D:6)
  2 orc wizards
  8 mummies (Ossuary)
  6 gnolls
  8 adders
  A white imp (D:6)
  2 worms
  5 dart slugs
  17 orcs
  7 endoplasms
  2 giant cockroaches (D:2)
  9 goblins
  7 hobgoblins
  6 jackals
  13 kobolds
  4 quokkas
  7 ball pythons
  4 bats
  4 frilled lizards
  3 hobgoblin zombies (Ossuary)
  2 kobold zombies (Ossuary)
  3 orc zombies (Ossuary)
  7 rats
142 creatures vanquished.

Vanquished Creatures (collateral kills)
  A troll (D:6)
1 creature vanquished.

Vanquished Creatures (others)
  38 plants (D:5)
38 creatures vanquished.

Grand Total: 181 creatures vanquished

Notes
Turn   | Place    | Note
-------+----------+-------------------------------------------
     0 | D:1      | pkoi the Draconian Monk began the quest for the Orb.
     0 | D:1      | Reached XP level 1. HP: 19/19 MP: 1/1
    38 | D:1      | Found a faded altar of an unknown god.
   335 | D:1      | Reached XP level 2. HP: 26/26 MP: 2/2
   862 | D:1      | Reached skill level 4 in Unarmed Combat
  1055 | D:2      | Reached XP level 3. HP: 31/31 MP: 3/3
  1215 | D:2      | Found a blossoming altar of Fedhas.
  1635 | D:2      | Reached skill level 5 in Unarmed Combat
  1635 | D:2      | Reached XP level 4. HP: 31/38 MP: 4/4
  1827 | D:3      | Found a basalt altar of Yredelemnul.
  2053 | D:3      | Found an opulent altar of Gozag.
  2062 | D:3      | Became a worshipper of Gozag Ym Sagoz the Greedy
  3072 | D:4      | Found Veijopep's Magic Scroll Emporium.
  3075 | D:4      | Bought a scroll of blinking for 75 gold pieces
  3075 | D:4      | Bought a scroll of teleportation for 30 gold pieces
  3075 | D:4      | Bought a scroll of noise for 10 gold pieces
  3305 | D:4      | Reached XP level 5. HP: 45/45 MP: 5/5
  3323 | D:4      | Reached skill level 6 in Unarmed Combat
  3496 | D:4      | Found a blossoming altar of Fedhas.
  3959 | D:4      | Found a shimmering blue altar of Sif Muna.
  4206 | D:4      | Noticed an ogre
  4209 | D:4      | Found a hide-covered altar of Uskayaw.
  4217 | D:4      | Killed an ogre
  4218 | D:4      | Reached skill level 7 in Unarmed Combat
  4218 | D:4      | Reached XP level 6. HP: 26/51 MP: 6/6
  4363 | D:4      | Found a burning altar of Makhleb.
  4483 | D:5      | Entered Level 5 of the Dungeon
  4588 | D:5      | Found Gohaupsaav's Assorted Antiques.
  4750 | D:5      | Found a sand-covered staircase.
  4755 | Ossuary  | Entered an ossuary
  4791 | Ossuary  | Reached skill level 8 in Unarmed Combat
  4818 | Ossuary  | Your scales start taking on an icy white colour.
  4818 | Ossuary  | Reached XP level 7. HP: 3/57 MP: 7/7
  4818 | Ossuary  | Gained mutation: Your flesh is cold resistant. (rC+) [White
                  | Draconian growth]
  5116 | Ossuary  | Learned a level 1 spell: Apportation
  5717 | D:5      | Reached skill level 9 in Unarmed Combat
  6235 | D:5      | Bought a pair of transparent gloves for 294 gold pieces
  6235 | D:5      | Identified the +2 pair of gloves of Evolution {+Blink
                  | rPois} (You bought it in a shop on level 5 of the Dungeon)
  6334 | D:5      | Found an ornate altar of the Wu Jian Council.
  6805 | D:6      | Found a staircase to the Ecumenical Temple.
  6917 | Temple   | Entered the Ecumenical Temple
  7109 | D:6      | Reached XP level 8. HP: 50/63 MP: 8/8
  7280 | D:6      | Noticed a troll
  7321 | D:6      | Killed a troll
  7322 | D:6      | Reached skill level 10 in Unarmed Combat
  7415 | D:6      | Found a stormy altar of Qazlal.
  7857 | D:6      | Noticed a deep elf zephyrmancer
  7865 | D:6      | Killed from afar by a deep elf zephyrmancer

Illustrated notes

Levels and vault maps discovered:
D:1:      amcnicky_arrival_gap_in_the_tavern_cellar, layout_loops_ring,
          hellmonk_ecumenical_altar_lost_god
D:2:      minmay_diamond_boxcup, layout_loops_cross, basic_altar
D:3:      layout_basic, nicolae_gozag_seed_capital,
          nicolae_overflow_crystal_walls
D:4:      layout_loops_cross, lemuel_coloured_pillars_altar, fedhas_altar_1,
          jmf_multi_god_temple, serial_shops, kennysheep_mini_moat
D:5:      layout_loops_ring, mainiacjoe_overflow_chevrons, enter_ossuary_2,
          serial_shops, shop, nrook_uturn, lexackson_kobold_supper
D:6:      layout_basic, mainiacjoe_overflow_alcove_2, temple_statues,
          guppyfry_early_elven_hall
Temple:   cyrus_temple_forest

Skill      XL: |  1  2  3  4  5  6  7  8 |
---------------+-------------------------+-----
Unarmed Combat | 4 5 7 8 9 10 | 10.8
Fighting       | |  3.2
Dodging        | |  2.6
Stealth        | |  1.7

Action                   |  1- 3 |  4- 6 |  7- 9 || total
-------------------------+-------+-------+-------++-------
Melee: Unarmed           |   139 |   222 |   169 ||   530
       Tailslap          |    14 |    27 |    25 ||    66
       Punch             |     3 |     5 |    10 ||    18
 Abil: Breathe Frost     |       |       |     4 ||     4
Evoke: Wand              |       |       |     5 ||     5
  Use: Scroll            |       |     6 |     6 ||    12
       Potion            |       |     5 |       ||     5
 Stab: Sleeping          |     7 |     4 |     3 ||    14
       Distracted        |       |     2 |       ||     2
Armor: Skin              |    33 |    45 |    43 ||   121
Dodge: Dodged            |    75 |    95 |    80 ||   250
Block: Other             |    31 |    35 |    35 ||   101
       Reflection        |       |       |     2 ||     2
